 Dungeon Crawl Stone Soup version 0.16.0-16-g311141a (webtiles) character file.

1408 Malachi the Shield-Bearer (level 8, -10/42 HPs)
             Began as a Vine Stalker Fighter on Mar 19, 2015.
             Was an Initiate of Ru.
             Mangled by a hill giant
             ... wielding a +0 giant club
              (19 damage)
             ... on level 6 of the Dungeon.
             The game lasted 00:10:02 (4377 turns).

Malachi the Shield-Bearer (Vine Stalker Fighter)    Turns: 4377, Time: 00:10:03

Health: -10/42     AC: 13    Str: 20    XL:     8   Next: 70%
Magic:  0/11       EV:  5    Int:  8    God:    Ru [......]
Gold:   319        SH: 11    Dex: 15    Spells: 0 memorised, 7 levels left

rFire  . . .     SeeInvis .     E - +3 broad axe (elec)
rCold  . . .     Clarity  .     B - +0 plate armour
rNeg   . . .     SustAb   .     c - +1 shield
rPois  .         Gourm    .     (no helmet)
rElec  .         Spirit   +     t - +0 cloak
rCorr  .         Warding  .     (no gloves)
rMut   .         Stasis   .     (no boots)
MR     +....                    g - amulet of regeneration
Stlth  ..........               (no ring)
                                (no ring)

@: somewhat resistant to hostile enchantments, extremely unstealthy
A: fangs 3, regeneration 2, magic shield, antimagic bite, no device heal 3, rot
immunity
a: Renounce Religion


You were on level 6 of the Dungeon.
You worshipped Ru.
Ru was noncommittal.
You were not hungry.

You visited 2 branches of the dungeon, and saw 7 of its levels.

You collected 319 gold pieces.

Inventory:

Hand weapons
 a - a +0 long sword
 o - a +0 short sword
 E - a +3 broad axe of electrocution (weapon)
Armour
 c - a +1 shield (worn)
 t - a +0 cloak (worn)
 B - a +0 plate armour (worn)
Jewellery
 g - an amulet of regeneration (around neck)
 y - an uncursed ring of flight {unknown}
Magical devices
 p - a wand of teleportation (8)
 w - a wand of frost (6)
Scrolls
 b - a scroll of remove curse
 f - 3 scrolls of enchant armour
 i - a scroll of random uselessness
 l - 7 scrolls of identify
 r - 3 scrolls of recharging
 A - a scroll of amnesia {unknown}
Potions
 e - a potion of might
 j - 2 potions of flight
 k - 2 potions of cancellation {unknown}
 m - a potion of agility {unknown}
 q - 3 potions of restore abilities {unknown}
 s - a potion of poison {unknown}
 v - 2 potions of curing {unknown}
 C - 2 potions of heal wounds {unknown}
Books
 u - a book of Frost

   Spells                             Type                      Level
   a - Freeze                         Ice                          1
   b - Throw Frost                    Conjuration/Ice              2
   c - Ozocubu's Armour               Charms/Ice                   3
   d - Throw Icicle                   Conjuration/Ice              4
   e - Summon Ice Beast               Ice/Summoning                4
   f - Condensation Shield            Ice                          4
Comestibles
 d - 4 bread rations
 h - 2 meat rations
 x - 3 chunks of flesh
 z - a slice of pizza


   Skills:
 + Level 4.4 Fighting
 - Level 3.6 Long Blades
 * Level 2.2 Axes
 + Level 4.5 Armour
 + Level 2.7 Dodging
 + Level 1.3 Stealth
 + Level 6.0 Shields


You had 7 spell levels left.
You didn't know any spells.

Dungeon Overview and Level Annotations

Branches:
Dungeon (6/15)             Temple (1/1) D:4

Altars:
Ashenzari
Cheibriados
Dithmenos
Fedhas
Makhleb
Nemelex Xobeh
Okawaru
Qazlal
Ru
Sif Muna
Trog
Vehumet
Xom
Zin
The Shining One


Innate Abilities, Weirdness & Mutations

You have razor-sharp teeth.
You heal very quickly.
When hurt, damage is shared between your health and your magic reserves.
Your bite disrupts and absorbs the magic of your enemies.
Potions and wands cannot restore your health.
You are immune to rotting.


Message History

The quokka barely misses you.
The quokka bites you but does no damage.
You hit the quokka.
There is a sudden explosion of sparks!
You kill the quokka!
You see here a quokka corpse.
The hill giant barely misses you.
You hit the hill giant! You bite the hill giant! You drain its power.
The hill giant is moderately wounded.
The hill giant hits you with a giant club!!
Ouch! That really hurt!
You hit the hill giant.
The hill giant is moderately wounded.
You block the hill giant's attack.
You hit the hill giant. You bite the hill giant! You drain its power.
You feel invigorated.
The hill giant is heavily wounded.
The hill giant hits you with a giant club!!
* * * LOW HITPOINT WARNING * * *
The hill giant hits you with a giant club!!
You die...

#..##.##.##......#
#..##.##...#####.#
###........#.# .
.....##......#
####.####.#.## ####.#
#.#.# . .....#
##.#.#########...
.....###....##...........
.....##..#.....†@C.......
.....##.###.##...........
.....##..#..#########...
###### #...## .
#######.## ###.......#
.##.####### ....####
.......#


You could see a hill giant.

Vanquished Creatures
  A hungry ghost (D:5)
  The ghost of valak23 the Shield-Bearer, an average VSFi of the Shining One (D:4)
  The ghost of Sorcv the Sneak, an average KoEn (D:3)
  An ice beast (D:6)
  4 centaurs
  Blork the orc (D:5)
  A hound (D:5)
  7 orc wizards
  An orc priest (D:5)
  A jelly (D:5)
  An iguana (D:5)
  3 worker ants
  3 gnolls (D:4)
  9 adders
  2 worms
  An adder zombie (D:5)
  5 giant geckos
  An ooze (D:2)
  15 orcs
  4 ball pythons
  12 bats
  A bat skeleton (D:4)
  2 bat zombies (D:5)
  10 giant cockroaches
  13 goblins
  9 hobgoblins
  4 jackals (D:1)
  17 kobolds
  2 quokkas
  3 giant newts
  A jackal skeleton (D:5)
  13 rats
150 creatures vanquished.

Notes
Turn   | Place    | Note
--------------------------------------------------------------
     0 | D:1      | Malachi, the Vine Stalker Fighter, began the quest for the Orb.
     0 | D:1      | Reached XP level 1. HP: 11/11 MP: 1/1
    64 | D:1      | Reached XP level 2. HP: 16/16 MP: 3/3
   169 | D:1      | Reached skill level 3 in Shields
   283 | D:1      | Reached XP level 3. HP: 19/19 MP: 4/4
   925 | D:2      | Reached XP level 4. HP: 24/24 MP: 5/5
  1722 | D:3      | Found a shadowy altar of Dithmenos.
  1822 | D:3      | Noticed Sorcv's ghost (average KoEn)
  1837 | D:3      | Killed Sorcv's ghost
  1837 | D:3      | Reached skill level 1 in Dodging
  1837 | D:3      | Reached XP level 5. HP: 16/28 MP: 5/7
  2009 | D:3      | Reached skill level 4 in Shields
  2009 | D:3      | Gained mutation: You heal very quickly. [vine stalker growth]
  2009 | D:3      | Reached XP level 6. HP: 29/32 MP: 6/8
  2045 | D:3      | Found a bloodstained altar of Trog.
  2587 | D:4      | Found a radiant altar of Vehumet.
  2705 | D:4      | Found a staircase to the Ecumenical Temple.
  2722 | Temple   | Entered the Ecumenical Temple
  3005 | D:4      | Noticed valak23's ghost (average VSFi)
  3027 | D:4      | Killed valak23's ghost
  3095 | D:4      | Found a shattered altar of Ashenzari.
  3147 | D:4      | Reached XP level 7. HP: 37/37 MP: 9/9
  3233 | D:4      | Found a sacrificial altar of Ru.
  3516 | D:4      | Became a worshipper of Ru the Awakened
  3560 | D:5      | Entered Level 5 of the Dungeon
  3584 | D:5      | Reached skill level 1 in Stealth
  3619 | D:5      | Reached skill level 5 in Shields
  3694 | D:5      | Noticed a hungry ghost
  3703 | D:5      | Killed a hungry ghost
  3714 | D:5      | Gained mutation: You have razor-sharp teeth. [vine stalker growth]
  3714 | D:5      | Reached XP level 8. HP: 32/42 MP: 9/11
  3733 | D:5      | Found a stormy altar of Qazlal.
  3754 | D:5      | Noticed Blork the orc
  3762 | D:5      | Killed Blork the orc
  3868 | D:5      | Reached skill level 1 in Axes
  4248 | D:6      | Found a burning altar of Makhleb.
  4268 | D:6      | Reached skill level 6 in Shields
  4338 | D:6      | Found a sparkling altar of Nemelex Xobeh.
  4370 | D:6      | Noticed a hill giant
  4377 | D:6      | Mangled by a hill giant

Action                   |  1- 3 |  4- 6 |  7- 9 || total
-------------------------+-------+-------+-------++-------
Melee: Long sword        |    96 |   171 |    71 ||   338
       Broad axe         |       |       |    62 ||    62
  Use: Scroll            |       |     4 |     7 ||    11
  Eat: Chunk             |       |     8 |     6 ||    14
